Hurricanes vs Rangers

Created - November 22 2011 at 18:29

Goals
1 2 3 T
Hurricanes 1 1 1 3
Rangers 3 3 0 6
Shots
1 2 3 T
Hurricanes 12 10 9 31
Rangers 10 11 11 32

Period #1

1. Rangers , Mike Cammalleri 8 (Lubomir Visnovsky, Henrik Sedin) at 6:22
2. Hurricanes , Jarome Iginla 14 (Eric Staal, Martin Hanzal) at 9:35 (PP)
3. Rangers , Dan Cleary 14 (Lubomir Visnovsky, Mike Cammalleri) at 10:25
4. Rangers , Scott Gomez 5 (Keith Ballard, Mike Weaver) at 18:04

Penalties :
Keith Ballard (NYR) for Tripping (Minor) at 8:32, Andrei Kostitsyn (NYR) for Tripping (Minor) at 18:31

Period #2

5. Hurricanes , Eric Staal 12 (Jaroslav Spacek, Thomas Vanek) at 10:31 (PP)
6. Rangers , Mike Cammalleri 9 (Henrik Sedin) at 11:16 (PP)
7. Rangers , Mikko Koivu 4 (Lubomir Visnovsky, Dan Cleary) at 12:22 (PP)
8. Rangers , Dan Cleary 15 (Mike Cammalleri, Mikko Koivu) at 13:21 (PP)

Penalties :
Nikolai Zherdev (NYR) for Hooking (Minor) at 5:23, Nikolai Zherdev (NYR) for Hooking (Minor) at 10:13, Shawn Thornton (CAR) for Hooking (Minor) at 11:12, Freddy Meyer (CAR) for Hooking (Minor) at 11:42, Sergei Gonchar (CAR) for Holding (Minor) at 11:59, Mike Weber (CAR) for Interference (Minor) at 14:43

Period #3

9. Hurricanes , Brad Boyes 11 (Ryan Wilson, Shawn Thornton) at 2:30

Penalties :
Francis Bouillon (NYR) for High sticking (Double Minor) at 8:06, Martin Hanzal (CAR) for Hooking (Minor) at 8:53, Eric Staal (CAR) for Hooking (Minor) at 18:42

Goalie Stats

Johan Hedberg (CAR), 26 saves from 32 shots - (0.813), L, 6-10-0, 60:00 minutes
Niklas Backstrom (NYR), 28 saves from 31 shots - (0.903), W, 14-9-1, 60:00 minutes

Players Stats

Hurricanes
Player Name              G  A  P  +/- PIM S  H  SB FO    MP 
------------------------------------------------------------
Brad Boyes               1  0  1   0  0   1  0  0  0/0   10 
Chris Thorburn           0  0  0  -1  0   1  0  0  0/1   23 
Eric Staal               1  1  2  -1  2   5  1  1  18/37 23 
Freddy Meyer             0  0  0  -1  2   0  0  2  0/0   20 
Jarome Iginla            1  0  1  -1  0   5  1  2  1/1   25 
Jaroslav Spacek          0  1  1  -1  0   2  3  3  0/0   20 
Johnny Oduya             0  0  0  -2  0   1  0  2  0/0   18 
Martin Hanzal            0  1  1  -1  2   2  5  0  10/22 19 
Matt Cooke               0  0  0   0  0   0  0  0  0/0   2  
Matt Hunwick             0  0  0   0  0   0  0  0  0/0   0  
Michael Ryder            0  0  0   0  0   0  0  0  0/0   0  
Mike Fisher              0  0  0   0  0   1  2  0  9/22  16 
Mike Weber               0  0  0   0  2   3  1  2  0/0   18 
Ryan Shannon             0  0  0  -1  0   1  0  1  5/10  20 
Ryan Wilson              0  1  1   1  0   1  1  2  0/0   21 
Sergei Gonchar           0  0  0  -1  2   2  1  2  0/0   23 
Shawn Thornton           0  1  1   0  2   1  2  0  1/1   16 
Thomas Vanek             0  1  1  -1  0   5  2  0  0/1   20 
Rangers
Player Name              G  A  P  +/- PIM S  H  SB FO    MP 
------------------------------------------------------------
Andrei Kostitsyn         0  0  0   0  2   0  1  0  0/2   19 
Cal Clutterbuck          0  0  0   0  0   0  2  0  0/0   7  
Dan Cleary               2  1  3   2  0   4  1  0  1/2   14 
Francis Bouillon         0  0  0   0  4   0  3  2  0/0   19 
Guillaume Latendresse    0  0  0   0  0   1  0  0  0/1   7  
Henrik Sedin             0  2  2   2  0   4  0  0  19/30 16 
Ian White                0  0  0   0  0   1  0  5  0/0   20 
Jay Bouwmeester          0  0  0   2  0   3  1  0  0/0   24 
Keith Ballard            0  1  1   0  2   0  4  1  0/0   16 
Lubomir Visnovsky        0  3  3   2  0   0  1  0  0/0   24 
Mark Recchi              0  0  0   0  0   0  1  0  0/1   16 
Mike Cammalleri          2  2  4   2  0   7  0  0  0/1   14 
Mike Weaver              0  1  1   0  0   1  1  0  0/0   17 
Mikko Koivu              1  1  2   0  0   3  1  0  9/18  20 
Nikolai Kulemin          0  0  0   0  0   2  1  0  1/2   19 
Nikolai Zherdev          0  0  0   0  4   2  3  0  0/1   12 
Scott Gomez              1  0  1   0  0   4  0  0  17/29 16 
Tom Pyatt                0  0  0   0  0   0  0  0  4/8   11 

3 Stars

1 - Mike Cammalleri (NYR)
2 - Dan Cleary (NYR)
3 - Lubomir Visnovsky (NYR)

Power Play

Hurricanes - 2 on 6 Attempt(s) - 33.33%
Rangers - 3 on 6 Attempt(s) - 50.00%

Penalty Kill

Hurricanes - 3 on 6 Attempt(s) - 50.00% - Score 0 goal in Penalty Kill
Rangers - 4 on 6 Attempt(s) - 66.67% - Score 0 goal in Penalty Kill

Game Notes

No Game Note

Finance

Level 1 -- Attendance: 3689 (56.75%) -- Ticket Income $461,125.00
Level 2 -- Attendance: 2715 (54.30%) -- Ticket Income $203,625.00
Level 3 -- Attendance: 1882 (53.77%) -- Ticket Income $94,100.00
Level 4 -- Attendance: 1657 (75.32%) -- Ticket Income $41,425.00
Luxury Box -- Attendance: 557 (55.70%) -- Ticket Income $139,250.00
Game was played at the Madison Square Garden
Total Attendance: 10500 (57.69%)
Total Ticket Income: $975,316.80
Other Income: $211,829.40
Total Income: $1,187,146.00


Play by Play

Period #1

0:01 of 1st period - Henrik Sedin wins face-off versus Eric Staal in neutral zone.
1:09 of 1st period - Shot by Nikolai Kulemin.
1:09 of 1st period - Stopped by Johan Hedberg without a rebound.
1:10 of 1st period - Martin Hanzal wins face-off versus Scott Gomez in Hurricanes zone.
1:10 of 1st period - Martin Hanzal is hit by Nikolai Zherdev.
1:42 of 1st period - Martin Hanzal is hit by Keith Ballard and loses puck.
1:46 of 1st period - Icing by Keith Ballard.
1:47 of 1st period - Scott Gomez wins face-off versus Mike Fisher in Rangers zone.
2:23 of 1st period - Shot by Nikolai Kulemin.
2:23 of 1st period - Shot Misses the Net.
2:27 of 1st period - Shot by Mikko Koivu.
2:27 of 1st period - Shot Blocked by Mike Weber.
2:35 of 1st period - Shot by Mikko Koivu.
2:35 of 1st period - Shot Blocked by Ryan Wilson.
3:22 of 1st period - Eric Staal is hit by Jay Bouwmeester and loses puck.
4:05 of 1st period - Icing by Johnny Oduya.
4:06 of 1st period - Martin Hanzal wins face-off versus Andrei Kostitsyn in Hurricanes zone.
4:06 of 1st period - Brad Boyes is hit by Andrei Kostitsyn and loses puck.
5:21 of 1st period - Shot by Mike Fisher.
5:21 of 1st period - Stopped by Niklas Backstrom without a rebound.
5:22 of 1st period - Scott Gomez wins face-off versus Martin Hanzal in Rangers zone.
5:55 of 1st period - Mike Weaver is hit by Martin Hanzal and loses puck.
6:02 of 1st period - Shot by Nikolai Zherdev.
6:02 of 1st period - Shot Blocked by Jaroslav Spacek.
6:04 of 1st period - Shot by Nikolai Zherdev.
6:04 of 1st period - Stopped by Johan Hedberg with a rebound.
6:22 of 1st period - Shot by Mike Cammalleri.
6:22 of 1st period - Goal by Mike Cammalleri - Hurricanes : 0 - Rangers : 1.
6:23 of 1st period - Eric Staal wins face-off versus Tom Pyatt in neutral zone.
7:24 of 1st period - Shot by Mike Weber.
7:24 of 1st period - Stopped by Niklas Backstrom without a rebound.
7:25 of 1st period - Mike Fisher wins face-off versus Scott Gomez in Rangers zone.
7:32 of 1st period - Shot by Mike Weber.
7:32 of 1st period - Stopped by Niklas Backstrom without a rebound.
7:33 of 1st period - Mikko Koivu wins face-off versus Mike Fisher in Rangers zone.
8:20 of 1st period - Shot by Eric Staal.
8:20 of 1st period - Shot Blocked by Francis Bouillon.
8:24 of 1st period - Shot by Eric Staal.
8:24 of 1st period - Shot Misses the Net.
8:26 of 1st period - Shot by Sergei Gonchar.
8:26 of 1st period - Stopped by Niklas Backstrom without a rebound.
8:27 of 1st period - Martin Hanzal wins face-off versus Scott Gomez in Rangers zone.
8:27 of 1st period - Martin Hanzal is hit by Keith Ballard.
8:32 of 1st period - Minor Penalty to Keith Ballard for Tripping.
8:33 of 1st period - Henrik Sedin wins face-off versus Ryan Shannon in Rangers zone.
9:35 of 1st period - Shot by Jarome Iginla.
9:35 of 1st period - Goal by Jarome Iginla - Hurricanes : 1 - Rangers : 1.
9:36 of 1st period - Henrik Sedin wins face-off versus Eric Staal in neutral zone.
9:45 of 1st period - Shot by Mike Cammalleri.
9:45 of 1st period - Shot Misses the Net.
9:47 of 1st period - Shot by Lubomir Visnovsky.
9:47 of 1st period - Shot Misses the Net.
9:49 of 1st period - Shot by Mike Cammalleri.
9:49 of 1st period - Stopped by Johan Hedberg without a rebound.
9:50 of 1st period - Eric Staal wins face-off versus Mikko Koivu in Hurricanes zone.
10:09 of 1st period - Shot by Eric Staal.
10:09 of 1st period - Stopped by Niklas Backstrom without a rebound.
10:10 of 1st period - Henrik Sedin wins face-off versus Mike Fisher in Rangers zone.
10:12 of 1st period - Lubomir Visnovsky is hit by Shawn Thornton and loses puck.
10:21 of 1st period - Shot by Mike Cammalleri.
10:21 of 1st period - Stopped by Johan Hedberg with a rebound.
10:25 of 1st period - Shot by Dan Cleary.
10:25 of 1st period - Goal by Dan Cleary - Hurricanes : 1 - Rangers : 2.
10:26 of 1st period - Scott Gomez wins face-off versus Eric Staal in neutral zone.
11:34 of 1st period - Shot by Martin Hanzal.
11:34 of 1st period - Shot Blocked by Ian White.
11:38 of 1st period - Shot by Jaroslav Spacek.
11:38 of 1st period - Stopped by Niklas Backstrom with a rebound.
11:40 of 1st period - Shot by Chris Thorburn.
11:40 of 1st period - Shot Blocked by Ian White.
11:44 of 1st period - Shot by Martin Hanzal.
11:44 of 1st period - Deflect By Ryan Shannon.
11:44 of 1st period - Shot Blocked by Ian White.
11:46 of 1st period - Shot by Johnny Oduya.
11:46 of 1st period - Shot Hit the Post.
11:48 of 1st period - Shot by Johnny Oduya.
11:48 of 1st period - Shot Hit the Post.
12:51 of 1st period - Icing by Martin Hanzal.
12:52 of 1st period - Martin Hanzal wins face-off versus Scott Gomez in Hurricanes zone.
13:02 of 1st period - Shot by Chris Thorburn.
13:02 of 1st period - Stopped by Niklas Backstrom without a rebound.
13:03 of 1st period - Eric Staal wins face-off versus Scott Gomez in Rangers zone.
14:37 of 1st period - Johnny Oduya is hit by Mikko Koivu.
14:40 of 1st period - Eric Staal is hit by Francis Bouillon.
14:46 of 1st period - Shot by Eric Staal.
14:46 of 1st period - Stopped by Niklas Backstrom without a rebound.
14:47 of 1st period - Henrik Sedin wins face-off versus Eric Staal in Rangers zone.
15:59 of 1st period - Icing by Ian White.
16:00 of 1st period - Mikko Koivu wins face-off versus Chris Thorburn in Rangers zone.
16:16 of 1st period - Shot by Martin Hanzal.
16:16 of 1st period - Stopped by Niklas Backstrom without a rebound.
16:17 of 1st period - Tom Pyatt wins face-off versus Mike Fisher in Rangers zone.
16:22 of 1st period - Shot by Guillaume Latendresse.
16:22 of 1st period - Shot Misses the Net.
16:24 of 1st period - Shot by Cal Clutterbuck.
16:24 of 1st period - Shot Misses the Net.
16:26 of 1st period - Shot by Jay Bouwmeester.
16:26 of 1st period - Stopped by Johan Hedberg with a rebound.
16:30 of 1st period - Shot by Guillaume Latendresse.
16:30 of 1st period - Stopped by Johan Hedberg with a rebound.
16:56 of 1st period - Off-side.
16:57 of 1st period - Scott Gomez wins face-off versus Martin Hanzal in neutral zone.
17:08 of 1st period - Shot by Martin Hanzal.
17:08 of 1st period - Stopped by Niklas Backstrom without a rebound.
17:09 of 1st period - Martin Hanzal wins face-off versus Mikko Koivu in Rangers zone.
17:24 of 1st period - Shot by Nikolai Kulemin.
17:24 of 1st period - Shot Misses the Net.
17:28 of 1st period - Shot by Mikko Koivu.
17:28 of 1st period - Stopped by Johan Hedberg without a rebound.
17:29 of 1st period - Eric Staal wins face-off versus Scott Gomez in Hurricanes zone.
17:34 of 1st period - Shot by Thomas Vanek.
17:34 of 1st period - Shot Misses the Net.
17:36 of 1st period - Shot by Sergei Gonchar.
17:36 of 1st period - Shot Misses the Net.
17:38 of 1st period - Shot by Eric Staal.
17:38 of 1st period - Stopped by Niklas Backstrom without a rebound.
17:39 of 1st period - Scott Gomez wins face-off versus Eric Staal in Rangers zone.
17:44 of 1st period - Shot by Scott Gomez.
17:44 of 1st period - Shot Blocked by Jarome Iginla.
17:46 of 1st period - Shot by Mark Recchi.
17:46 of 1st period - Shot Blocked by Sergei Gonchar.
17:54 of 1st period - Shot by Mark Recchi.
17:54 of 1st period - Shot Misses the Net.
17:58 of 1st period - Shot by Keith Ballard.
17:58 of 1st period - Shot Blocked by Jarome Iginla.
18:00 of 1st period - Shot by Mike Weaver.
18:00 of 1st period - Shot Blocked by Freddy Meyer.
18:04 of 1st period - Shot by Scott Gomez.
18:04 of 1st period - Goal by Scott Gomez - Hurricanes : 1 - Rangers : 3.
18:05 of 1st period - Mike Fisher wins face-off versus Mikko Koivu in neutral zone.
18:13 of 1st period - Mike Fisher is hit by Francis Bouillon and loses puck.
18:31 of 1st period - Minor Penalty to Andrei Kostitsyn for Tripping.
18:32 of 1st period - Ryan Shannon wins face-off versus Henrik Sedin in Rangers zone.
19:30 of 1st period - Off-side.
19:31 of 1st period - Eric Staal wins face-off versus Henrik Sedin in neutral zone.
19:53 of 1st period - Icing by Eric Staal.
19:54 of 1st period - Scott Gomez wins face-off versus Eric Staal in Hurricanes zone.

Period #2

0:01 of 2nd period - Henrik Sedin wins face-off versus Eric Staal in neutral zone.
0:07 of 2nd period - Icing by Jarome Iginla.
0:08 of 2nd period - Eric Staal wins face-off versus Henrik Sedin in Hurricanes zone.
0:08 of 2nd period - Eric Staal is hit by Mark Recchi.
0:40 of 2nd period - Shot by Nikolai Kulemin.
0:40 of 2nd period - Shot Blocked by Johnny Oduya.
0:42 of 2nd period - Shot by Ian White.
0:42 of 2nd period - Stopped by Johan Hedberg without a rebound.
0:43 of 2nd period - Shawn Thornton wins face-off versus Henrik Sedin in Hurricanes zone.
1:03 of 2nd period - Shot by Mike Cammalleri.
1:03 of 2nd period - Shot Blocked by Ryan Wilson.
1:26 of 2nd period - Icing by Ryan Wilson.
1:27 of 2nd period - Mike Fisher wins face-off versus Mikko Koivu in Hurricanes zone.
2:14 of 2nd period - Shot by Jarome Iginla.
2:14 of 2nd period - Shot Blocked by Francis Bouillon.
2:48 of 2nd period - Shot by Brad Boyes.
2:48 of 2nd period - Shot Blocked by Keith Ballard.
2:50 of 2nd period - Shot by Jaroslav Spacek.
2:50 of 2nd period - Stopped by Niklas Backstrom without a rebound.
2:51 of 2nd period - Martin Hanzal wins face-off versus Mike Cammalleri in Rangers zone.
2:57 of 2nd period - Off-side.
2:58 of 2nd period - Tom Pyatt wins face-off versus Martin Hanzal in neutral zone.
3:15 of 2nd period - Jay Bouwmeester is hit by Martin Hanzal and loses puck.
3:40 of 2nd period - Thomas Vanek is hit by Cal Clutterbuck.
4:15 of 2nd period - Off-side.
4:16 of 2nd period - Mikko Koivu wins face-off versus Mike Fisher in neutral zone.
5:10 of 2nd period - Mike Weaver is hit by Martin Hanzal and loses puck.
5:23 of 2nd period - Minor Penalty to Nikolai Zherdev for Hooking.
5:24 of 2nd period - Eric Staal wins face-off versus Henrik Sedin in Rangers zone.
5:40 of 2nd period - Icing by Eric Staal.
5:41 of 2nd period - Scott Gomez wins face-off versus Eric Staal in Hurricanes zone.
5:56 of 2nd period - Shot by Sergei Gonchar.
5:56 of 2nd period - Stopped by Niklas Backstrom without a rebound.
5:57 of 2nd period - Ryan Shannon wins face-off versus Scott Gomez in Rangers zone.
6:11 of 2nd period - Off-side.
6:12 of 2nd period - Eric Staal wins face-off versus Henrik Sedin in neutral zone.
6:15 of 2nd period - Lubomir Visnovsky is hit by Martin Hanzal and loses puck.
6:22 of 2nd period - Shot by Eric Staal.
6:22 of 2nd period - Stopped by Niklas Backstrom with a rebound.
6:24 of 2nd period - Shot by Eric Staal.
6:24 of 2nd period - Shot Misses the Net.
6:26 of 2nd period - Shot by Jarome Iginla.
6:26 of 2nd period - Stopped by Niklas Backstrom without a rebound.
6:27 of 2nd period - Scott Gomez wins face-off versus Ryan Shannon in Rangers zone.
6:27 of 2nd period - Scott Gomez is hit by Thomas Vanek.
7:11 of 2nd period - Henrik Sedin is hit by Jarome Iginla and loses puck.
7:36 of 2nd period - Shot by Mike Fisher.
7:36 of 2nd period - Deflect By Brad Boyes.
7:36 of 2nd period - Shot Misses the Net.
7:38 of 2nd period - Shot by Ryan Wilson.
7:38 of 2nd period - Stopped by Niklas Backstrom without a rebound.
7:39 of 2nd period - Eric Staal wins face-off versus Henrik Sedin in Rangers zone.
8:35 of 2nd period - Mikko Koivu is hit by Eric Staal and loses puck.
8:47 of 2nd period - Icing by Francis Bouillon.
8:48 of 2nd period - Mike Fisher wins face-off versus Mikko Koivu in Rangers zone.
9:01 of 2nd period - Shot by Nikolai Kulemin.
9:01 of 2nd period - Shot Misses the Net.
9:17 of 2nd period - Shot by Shawn Thornton.
9:17 of 2nd period - Deflect By Mike Fisher.
9:17 of 2nd period - Shot Misses the Net.
9:24 of 2nd period - Ian White is hit by Shawn Thornton and loses puck.
9:39 of 2nd period - Nikolai Kulemin is hit by Martin Hanzal and loses puck.
10:13 of 2nd period - Minor Penalty to Nikolai Zherdev for Hooking.
10:14 of 2nd period - Eric Staal wins face-off versus Scott Gomez in Rangers zone.
10:21 of 2nd period - Shot by Thomas Vanek.
10:21 of 2nd period - Stopped by Niklas Backstrom with a rebound.
10:23 of 2nd period - Shot by Eric Staal.
10:23 of 2nd period - Shot Misses the Net.
10:25 of 2nd period - Shot by Eric Staal.
10:25 of 2nd period - Shot Misses the Net.
10:27 of 2nd period - Shot by Jaroslav Spacek.
10:27 of 2nd period - Shot Misses the Net.
10:31 of 2nd period - Shot by Eric Staal.
10:31 of 2nd period - Goal by Eric Staal - Hurricanes : 2 - Rangers : 3.
10:32 of 2nd period - Henrik Sedin wins face-off versus Martin Hanzal in neutral zone.
10:43 of 2nd period - Shot by Mike Cammalleri.
10:43 of 2nd period - Stopped by Johan Hedberg with a rebound.
10:47 of 2nd period - Shot by Henrik Sedin.
10:47 of 2nd period - Stopped by Johan Hedberg without a rebound.
10:48 of 2nd period - Scott Gomez wins face-off versus Mike Fisher in Hurricanes zone.
10:54 of 2nd period - Mike Weber is hit by Nikolai Zherdev and loses puck.
11:04 of 2nd period - Brad Boyes is hit by Keith Ballard and loses puck.
11:12 of 2nd period - Minor Penalty to Shawn Thornton for Hooking.
11:13 of 2nd period - Henrik Sedin wins face-off versus Eric Staal in Hurricanes zone.
11:14 of 2nd period - Shot by Mike Cammalleri.
11:14 of 2nd period - Shot Misses the Net.
11:16 of 2nd period - Shot by Mike Cammalleri.
11:16 of 2nd period - Goal by Mike Cammalleri - Hurricanes : 2 - Rangers : 4.
11:17 of 2nd period - Martin Hanzal wins face-off versus Henrik Sedin in neutral zone.
11:39 of 2nd period - Off-side.
11:40 of 2nd period - Scott Gomez wins face-off versus Eric Staal in neutral zone.
11:42 of 2nd period - Minor Penalty to Freddy Meyer for Hooking.
11:43 of 2nd period - Mikko Koivu wins face-off versus Eric Staal in Hurricanes zone.
11:43 of 2nd period - Mike Cammalleri is hit by Sergei Gonchar and loses puck.
11:56 of 2nd period - Shot by Mike Cammalleri.
11:56 of 2nd period - Shot Blocked by Sergei Gonchar.
11:58 of 2nd period - Shot by Lubomir Visnovsky.
11:58 of 2nd period - Shot Misses the Net.
11:59 of 2nd period - Minor Penalty to Sergei Gonchar for Holding.
12:00 of 2nd period - Henrik Sedin wins face-off versus Martin Hanzal in Hurricanes zone.
12:01 of 2nd period - Shot by Nikolai Kulemin.
12:01 of 2nd period - Shot Misses the Net.
12:14 of 2nd period - Off-side.
12:15 of 2nd period - Mikko Koivu wins face-off versus Eric Staal in neutral zone.
12:20 of 2nd period - Shot by Lubomir Visnovsky.
12:20 of 2nd period - Shot Misses the Net.
12:22 of 2nd period - Shot by Mikko Koivu.
12:22 of 2nd period - Goal by Mikko Koivu - Hurricanes : 2 - Rangers : 5.
12:23 of 2nd period - Eric Staal wins face-off versus Henrik Sedin in neutral zone.
12:49 of 2nd period - Shot by Nikolai Kulemin.
12:49 of 2nd period - Deflect By Henrik Sedin.
12:49 of 2nd period - Stopped by Johan Hedberg without a rebound.
12:50 of 2nd period - Mikko Koivu wins face-off versus Martin Hanzal in Hurricanes zone.
13:13 of 2nd period - Shot by Mike Cammalleri.
13:13 of 2nd period - Shot Misses the Net.
13:17 of 2nd period - Shot by Mikko Koivu.
13:17 of 2nd period - Stopped by Johan Hedberg with a rebound.
13:19 of 2nd period - Shot by Mike Cammalleri.
13:19 of 2nd period - Shot Misses the Net.
13:21 of 2nd period - Shot by Mike Cammalleri.
13:21 of 2nd period - Deflect By Dan Cleary.
13:21 of 2nd period - Goal by Dan Cleary - Hurricanes : 2 - Rangers : 6.
13:22 of 2nd period - Martin Hanzal wins face-off versus Scott Gomez in neutral zone.
13:47 of 2nd period - Ryan Shannon is hit by Mike Weaver and loses puck.
14:14 of 2nd period - Shot by Jarome Iginla.
14:14 of 2nd period - Stopped by Niklas Backstrom without a rebound.
14:15 of 2nd period - Jarome Iginla wins face-off versus Tom Pyatt in Rangers zone.
14:16 of 2nd period - Shot by Thomas Vanek.
14:16 of 2nd period - Stopped by Niklas Backstrom without a rebound.
14:17 of 2nd period - Henrik Sedin wins face-off versus Mike Fisher in Rangers zone.
14:37 of 2nd period - Mike Cammalleri is hit by Ryan Wilson and loses puck.
14:43 of 2nd period - Minor Penalty to Mike Weber for Interference.
14:44 of 2nd period - Henrik Sedin wins face-off versus Eric Staal in Hurricanes zone.
14:45 of 2nd period - Shot by Jay Bouwmeester.
14:45 of 2nd period - Shot Blocked by Johnny Oduya.
14:47 of 2nd period - Shot by Jay Bouwmeester.
14:47 of 2nd period - Shot Misses the Net.
14:49 of 2nd period - Shot by Henrik Sedin.
14:49 of 2nd period - Shot Blocked by Eric Staal.
14:53 of 2nd period - Shot by Nikolai Kulemin.
14:53 of 2nd period - Shot Misses the Net.
16:18 of 2nd period - Icing by Andrei Kostitsyn.
16:19 of 2nd period - Henrik Sedin wins face-off versus Eric Staal in Rangers zone.
16:26 of 2nd period - Shot by Nikolai Kulemin.
16:26 of 2nd period - Stopped by Johan Hedberg without a rebound.
16:27 of 2nd period - Eric Staal wins face-off versus Mikko Koivu in Hurricanes zone.
16:27 of 2nd period - Eric Staal is hit by Dan Cleary.
16:43 of 2nd period - Shot by Mike Cammalleri.
16:43 of 2nd period - Stopped by Johan Hedberg without a rebound.
16:44 of 2nd period - Scott Gomez wins face-off versus Mike Fisher in Hurricanes zone.
16:47 of 2nd period - Shot by Scott Gomez.
16:47 of 2nd period - Stopped by Johan Hedberg without a rebound.
16:48 of 2nd period - Mike Fisher wins face-off versus Scott Gomez in Hurricanes zone.
17:28 of 2nd period - Off-side.
17:29 of 2nd period - Eric Staal wins face-off versus Guillaume Latendresse in neutral zone.
17:32 of 2nd period - Shot by Thomas Vanek.
17:32 of 2nd period - Stopped by Niklas Backstrom without a rebound.
17:33 of 2nd period - Eric Staal wins face-off versus Tom Pyatt in Rangers zone.
17:36 of 2nd period - Shot by Thomas Vanek.
17:36 of 2nd period - Shot Misses the Net.
18:12 of 2nd period - Off-side.
18:13 of 2nd period - Martin Hanzal wins face-off versus Mikko Koivu in neutral zone.
18:27 of 2nd period - Shot by Nikolai Kulemin.
18:27 of 2nd period - Shot Blocked by Ryan Shannon.
18:29 of 2nd period - Shot by Mikko Koivu.
18:29 of 2nd period - Shot Misses the Net.
18:36 of 2nd period - Off-side.
18:37 of 2nd period - Mike Fisher wins face-off versus Scott Gomez in neutral zone.
18:56 of 2nd period - Shot by Shawn Thornton.
18:56 of 2nd period - Shot Misses the Net.
18:58 of 2nd period - Shot by Mike Fisher.
18:58 of 2nd period - Shot Misses the Net.
19:25 of 2nd period - Eric Staal is hit by Nikolai Zherdev and loses puck.
19:56 of 2nd period - Shot by Nikolai Kulemin.
19:56 of 2nd period - Shot Misses the Net.
19:58 of 2nd period - Shot by Francis Bouillon.
19:58 of 2nd period - Shot Blocked by Freddy Meyer.

Period #3

0:01 of 3rd period - Henrik Sedin wins face-off versus Eric Staal in neutral zone.
0:24 of 3rd period - Icing by Sergei Gonchar.
0:25 of 3rd period - Eric Staal wins face-off versus Nikolai Kulemin in Hurricanes zone.
1:58 of 3rd period - Shot by Mike Cammalleri.
1:58 of 3rd period - Shot Blocked by Jaroslav Spacek.
2:00 of 3rd period - Shot by Henrik Sedin.
2:00 of 3rd period - Stopped by Johan Hedberg without a rebound.
2:01 of 3rd period - Scott Gomez wins face-off versus Mike Fisher in Hurricanes zone.
2:06 of 3rd period - Shot by Nikolai Zherdev.
2:06 of 3rd period - Stopped by Johan Hedberg without a rebound.
2:07 of 3rd period - Scott Gomez wins face-off versus Mike Fisher in Hurricanes zone.
2:22 of 3rd period - Shot by Ryan Wilson.
2:22 of 3rd period - Shot Misses the Net.
2:30 of 3rd period - Shot by Brad Boyes.
2:30 of 3rd period - Goal by Brad Boyes - Hurricanes : 3 - Rangers : 6.
2:31 of 3rd period - Eric Staal wins face-off versus Mikko Koivu in neutral zone.
2:48 of 3rd period - Shot by Thomas Vanek.
2:48 of 3rd period - Deflect By Jarome Iginla.
2:48 of 3rd period - Stopped by Niklas Backstrom without a rebound.
2:49 of 3rd period - Tom Pyatt wins face-off versus Mike Fisher in Rangers zone.
2:49 of 3rd period - Tom Pyatt is hit by Mike Fisher.
3:13 of 3rd period - Jay Bouwmeester is hit by Mike Weber and loses puck.
3:26 of 3rd period - Shot by Lubomir Visnovsky.
3:26 of 3rd period - Shot Blocked by Mike Weber.
4:00 of 3rd period - Shot by Eric Staal.
4:00 of 3rd period - Shot Misses the Net.
4:02 of 3rd period - Shot by Thomas Vanek.
4:02 of 3rd period - Shot Misses the Net.
4:04 of 3rd period - Shot by Thomas Vanek.
4:04 of 3rd period - Shot Blocked by Ian White.
4:12 of 3rd period - Shot by Thomas Vanek.
4:12 of 3rd period - Stopped by Niklas Backstrom without a rebound.
4:13 of 3rd period - Martin Hanzal wins face-off versus Mark Recchi in Rangers zone.
4:29 of 3rd period - Scott Gomez is hit by Jaroslav Spacek and loses puck.
4:49 of 3rd period - Off-side.
4:50 of 3rd period - Henrik Sedin wins face-off versus Eric Staal in neutral zone.
5:13 of 3rd period - Eric Staal is hit by Lubomir Visnovsky and loses puck.
5:46 of 3rd period - Off-side.
5:47 of 3rd period - Mike Fisher wins face-off versus Mikko Koivu in neutral zone.
5:58 of 3rd period - Shot by Mike Weber.
5:58 of 3rd period - Stopped by Niklas Backstrom without a rebound.
5:59 of 3rd period - Scott Gomez wins face-off versus Martin Hanzal in Rangers zone.
6:03 of 3rd period - Scott Gomez is hit by Jaroslav Spacek and loses puck.
6:07 of 3rd period - Icing by Johnny Oduya.
6:08 of 3rd period - Nikolai Kulemin wins face-off versus Martin Hanzal in Hurricanes zone.
6:29 of 3rd period - Shot by Andrei Kostitsyn.
6:29 of 3rd period - Deflect By Nikolai Kulemin.
6:29 of 3rd period - Shot Misses the Net.
6:38 of 3rd period - Andrei Kostitsyn is hit by Jaroslav Spacek and loses puck.
6:58 of 3rd period - Icing by Mike Weber.
6:59 of 3rd period - Scott Gomez wins face-off versus Mike Fisher in Hurricanes zone.
7:19 of 3rd period - Shot by Jarome Iginla.
7:19 of 3rd period - Shot Misses the Net.
7:23 of 3rd period - Shot by Jarome Iginla.
7:23 of 3rd period - Stopped by Niklas Backstrom without a rebound.
7:24 of 3rd period - Dan Cleary wins face-off versus Eric Staal in Rangers zone.
7:37 of 3rd period - Lubomir Visnovsky is hit by Thomas Vanek and loses puck.
7:42 of 3rd period - Shot by Jarome Iginla.
7:42 of 3rd period - Shot Misses the Net.
7:46 of 3rd period - Shot by Thomas Vanek.
7:46 of 3rd period - Stopped by Niklas Backstrom without a rebound.
7:47 of 3rd period - Mike Fisher wins face-off versus Tom Pyatt in Rangers zone.
7:56 of 3rd period - Shot by Shawn Thornton.
7:56 of 3rd period - Stopped by Niklas Backstrom without a rebound.
7:57 of 3rd period - Ryan Shannon wins face-off versus Scott Gomez in Rangers zone.
7:58 of 3rd period - Shot by Martin Hanzal.
7:58 of 3rd period - Shot Misses the Net.
8:00 of 3rd period - Shot by Johnny Oduya.
8:00 of 3rd period - Stopped by Niklas Backstrom with a rebound.
8:02 of 3rd period - Shot by Martin Hanzal.
8:02 of 3rd period - Shot Misses the Net.
8:04 of 3rd period - Shot by Ryan Shannon.
8:04 of 3rd period - Stopped by Niklas Backstrom without a rebound.
8:05 of 3rd period - Eric Staal wins face-off versus Andrei Kostitsyn in Rangers zone.
8:05 of 3rd period - Sergei Gonchar is hit by Francis Bouillon and loses puck.
8:06 of 3rd period - Double Minor Penalty to Francis Bouillon for High sticking.
8:07 of 3rd period - Scott Gomez wins face-off versus Ryan Shannon in Rangers zone.
8:53 of 3rd period - Minor Penalty to Martin Hanzal for Hooking.
8:54 of 3rd period - Eric Staal wins face-off versus Dan Cleary in Hurricanes zone.
9:05 of 3rd period - Shot by Eric Staal.
9:05 of 3rd period - Deflect By Jarome Iginla.
9:05 of 3rd period - Shot Misses the Net.
9:07 of 3rd period - Shot by Freddy Meyer.
9:07 of 3rd period - Shot Blocked by Ian White.
9:11 of 3rd period - Shot by Eric Staal.
9:11 of 3rd period - Shot Hit the Post.
9:51 of 3rd period - Shot by Eric Staal.
9:51 of 3rd period - Shot Misses the Net.
10:41 of 3rd period - Icing by Mike Weaver.
10:42 of 3rd period - Henrik Sedin wins face-off versus Thomas Vanek in Rangers zone.
11:46 of 3rd period - Jarome Iginla is hit by Keith Ballard and loses puck.
13:39 of 3rd period - Johnny Oduya is hit by Cal Clutterbuck and loses puck.
13:51 of 3rd period - Off-side.
13:52 of 3rd period - Mike Fisher wins face-off versus Nikolai Zherdev in neutral zone.
14:11 of 3rd period - Shot by Scott Gomez.
14:11 of 3rd period - Stopped by Johan Hedberg without a rebound.
14:12 of 3rd period - Henrik Sedin wins face-off versus Eric Staal in Hurricanes zone.
15:35 of 3rd period - Icing by Mike Weaver.
15:36 of 3rd period - Scott Gomez wins face-off versus Eric Staal in Rangers zone.
15:49 of 3rd period - Shot by Scott Gomez.
15:49 of 3rd period - Stopped by Johan Hedberg with a rebound.
15:51 of 3rd period - Shot by Mike Weaver.
15:51 of 3rd period - Stopped by Johan Hedberg without a rebound.
15:52 of 3rd period - Mikko Koivu wins face-off versus Martin Hanzal in Hurricanes zone.
16:07 of 3rd period - Shot by Matt Cooke.
16:07 of 3rd period - Shot Misses the Net.
16:09 of 3rd period - Shot by Martin Hanzal.
16:09 of 3rd period - Shot Misses the Net.
17:43 of 3rd period - Mike Weaver is hit by Mike Fisher and loses puck.
17:49 of 3rd period - Off-side.
17:50 of 3rd period - Henrik Sedin wins face-off versus Martin Hanzal in neutral zone.
17:55 of 3rd period - Shot by Henrik Sedin.
17:55 of 3rd period - Stopped by Johan Hedberg without a rebound.
17:56 of 3rd period - Tom Pyatt wins face-off versus Martin Hanzal in Hurricanes zone.
18:42 of 3rd period - Minor Penalty to Eric Staal for Hooking.
18:43 of 3rd period - Mikko Koivu wins face-off versus Mike Fisher in Hurricanes zone.
18:56 of 3rd period - Shot by Mike Cammalleri.
18:56 of 3rd period - Shot Misses the Net.
19:00 of 3rd period - Shot by Mike Cammalleri.
19:00 of 3rd period - Stopped by Johan Hedberg without a rebound.
19:01 of 3rd period - Henrik Sedin wins face-off versus Ryan Shannon in Hurricanes zone.
19:06 of 3rd period - Shot by Henrik Sedin.
19:06 of 3rd period - Shot Misses the Net.
19:08 of 3rd period - Shot by Andrei Kostitsyn.
19:08 of 3rd period - Shot Misses the Net.
19:10 of 3rd period - Shot by Jay Bouwmeester.
19:10 of 3rd period - Stopped by Johan Hedberg without a rebound.
19:11 of 3rd period - Mikko Koivu wins face-off versus Martin Hanzal in Hurricanes zone.
19:29 of 3rd period - Shot by Dan Cleary.
19:29 of 3rd period - Shot Blocked by Jaroslav Spacek.
19:31 of 3rd period - Shot by Lubomir Visnovsky.
19:31 of 3rd period - Deflect By Dan Cleary.
19:31 of 3rd period - Stopped by Johan Hedberg with a rebound.
19:33 of 3rd period - Shot by Dan Cleary.
19:33 of 3rd period - Stopped by Johan Hedberg without a rebound.
19:34 of 3rd period - Ryan Shannon wins face-off versus Henrik Sedin in Hurricanes zone.
19:34 of 3rd period - Ryan Shannon is hit by Nikolai Kulemin.
19:41 of 3rd period - Icing by Jay Bouwmeester.
19:42 of 3rd period - Henrik Sedin wins face-off versus Ryan Shannon in Rangers zone.
19:51 of 3rd period - Shot by Jay Bouwmeester.
19:51 of 3rd period - Stopped by Johan Hedberg without a rebound.
19:52 of 3rd period - Ryan Shannon wins face-off versus Henrik Sedin in Hurricanes zone.


Output by the SimonT Hockey Simulator (STHS) for Stephane Roy -- Original Page W3C XHTML 1.0 Valid